Map: Dusk Towers

Players

Miszu - Winner!

  • Race: Terran Terran
  • League: Master

hinO

  • Race: Zerg Zerg
  • League: Grandmaster

VOD

Have the link to the VOD?

Description

Time

  • Played on: April 25, 2016, 1:12 p.m.
  • Length: 4:26
Show
View Real Time Build Order
Export as new Build Order

Miszu Terran - Winner!

Build Orders: Reaper Expand 

Get SALT Encoding   

  12  0:01  SCV  
  13  0:13  SCV  
  14  0:18  Supply Depot  
  14  0:25  SCV  
  15  0:40  SCV  
  15  0:41  Barracks  
  16  0:45  Refinery  
  16  0:52  SCV  
  17  1:04  SCV  
  18  1:16  SCV  
  19  1:30  Reaper, Orbital Command  
  20  1:39  Command Center  
  20  1:51  Supply Depot  
  20  1:55  SCV  
  21  2:07  SCV  
  22  2:11  Marine  
  22  2:15  Factory  
  23  2:19  SCV  
  24  2:31  SCV  
  25  2:43  Command Center, SCV  
  26  2:50  Barracks Reactor  
  26  2:56  SCV  
  27  3:00  Orbital Command  
  27  3:08  SCV  
  28  3:20  SCV  
  28  3:24  Barracks  
  28  3:25  SCV  
  30  3:29  Refinery  
  30  3:32  SCV  
  32  3:34  Hellion x2, Barracks Tech Lab  
  32  3:37  SCV  
  35  3:44  SCV  
  36  3:49  SCV  
  36  3:52  Marine  
  38  3:55  Orbital Command  
  38  3:56  SCV  
  38  4:01  SCV  
  40  4:08  SCV  
  40  4:09  Refinery x2  
  41  4:11  Factory Reactor  
  41  4:12  Barracks  
  41  4:13  SCV  
  43  4:18  Engineering Bay x2  
Show
View Real Time Build Order
Export as new Build Order

hinO Zerg 

Build Orders: Hatch First 

Get SALT Encoding   

  12  0:01  Drone  
  13  0:08  Drone  
  14  0:17  Overlord  
  14  0:25  Extractor, Drone  
  15  0:36  Drone x2  
  17  0:53  Hatchery  
  17  0:55  Drone  
  17  1:00  Extractor, Drone  
  17  1:15  Spawning Pool  
  17  1:17  Drone  
  17  1:23  Drone  
  18  1:27  Drone  
  19  1:37  Overlord  
  19  1:48  Drone  
  20  2:02  Queen  
  20  2:03  Metabolic Boost, Zergling x2  
  20  2:05  Zergling x2  
  24  2:09  Queen  
  24  2:13  Drone  
  27  2:16  Drone  
  27  2:22  Drone  
  29  2:27  Drone  
  30  2:32  Drone  
  31  2:38  Drone  
  31  2:42  Drone  
  31  2:43  Lair  
  33  2:48  Overlord  
  33  2:55  Drone  
  34  3:00  Drone  
  34  3:04  Drone  
  36  3:09  Drone  
  36  3:10  Overlord  
  36  3:12  Drone x2  
  39  3:16  Drone  
  39  3:18  Drone x3  
  43  3:23  Overlord, Extractor x2  
  43  3:24  Extractor  
  40  3:28  Drone  
  41  3:34  Drone  
  41  3:37  Drone  
  41  3:38  Queen  
  45  3:44  Drone x3  
  45  3:45  Drone  
  49  3:49  Overlord  
  49  3:51  Drone  
  49  3:54  Drone x2  
  52  3:58  Drone  
Tags
 
Add a new tag
Caveats
  • Supply blocks, unpowered buildings, or Contaminate may cause inaccurate times.
  • Supply counts are checked every 10 seconds.